 Dungeon Crawl Stone Soup version 0.31.0-32-g396128a36d (webtiles) character file.

Game seed: 4976764052654206397

13154 spaghetti the Covert (level 11, -19/90 HPs)
             Began as a Demonspawn Chaos Knight on Mar 10, 2024.
             Was a Plaything of Xom.
             Demolished by Snorg (25 damage)
             ... on level 12 of the Dungeon.
             The game lasted 00:16:07 (11989 turns).

spaghetti the Covert (Demonspawn Chaos Knight)     Turns: 11989, Time: 00:16:08

Health: -19/90     AC:  8    Str: 11 (13) XL:     11   Next: 71%
Magic:  0/9        EV: 15    Int: 16 (17) God:    Xom [.*....]
Gold:   998        SH:  4    Dex: 11 (12) Spells: 10/10 levels left

rFire   + . .        g - +1 hand axe (venom)
rCold   . . .        (no shield)
rNeg    . . .        b - +3 leather armour
rPois   .            (helmet restricted)
rElec   .            o - +1 cloak
rCorr   .            (gloves unavailable)
SInv    .            (no boots)
Will    +....        p - amulet of guardian spirit
Stlth   ++++         (no ring)
HPRegen 0.35/turn    (no ring)
MPRegen 0.22/turn

%: guardian spirit
@: no status effects
A: large bone plates 1, demonic guardian 2, magic regeneration, demonic touch 3,
horns 1, deterioration 1, fire resistance 1, low MP 1, strong-willed 1,
teleportitis 1, wild magic 2, no potion heal 1, inability to drink after injury
1
a: Renounce Religion


You were on level 12 of the Dungeon.
You worshipped Xom.
You were a plaything of Xom.
You visited 2 branches of the dungeon, and saw 14 of its levels.

You collected 998 gold pieces.

Inventory:

Hand Weapons
 a - a +0 spear of chaos
 g - a +1 hand axe of venom (weapon)
 y - a +2 hand axe of flaming
Missiles
 e - 7 javelins (quivered)
Armour
 b - a +3 leather armour (worn)
 o - a +1 cloak (worn)
Jewellery
 n - a ring of ice
 p - an amulet of guardian spirit (around neck)
 s - an amulet of magic regeneration
Wands
 r - a wand of digging (8)
 t - a wand of flame (13)
 w - a wand of roots (17)
 x - a wand of paralysis (26)
 A - a wand of mindburst (7)
Scrolls
 f - 2 scrolls of torment
 j - a scroll of noise
 l - a scroll of poison
 m - 2 scrolls of identify
 q - a scroll of revelation
 v - 2 scrolls of immolation
 z - a scroll of amnesia
 B - a scroll of enchant weapon
Potions
 c - a potion of magic
 d - 2 potions of brilliance
 h - 2 potions of degeneration
 i - 3 potions of curing
 k - 4 potions of enlightenment


   Skills:
 - Level 10.0 Fighting
 - Level 2.6 Polearms
 - Level 1.7 Armour
 + Level 9.9 Dodging
 - Level 10.0 Stealth
 + Level 7.8 Evocations


You had 10 spell levels left.
You didn't know any spells.
Your spell library contained the following spells:

 Spells                   Type           Power      Damage    Failure   Level
 Necrotise                Necr           0%         1d4       50%         1
 Sting                    Conj/Alch      0%         1d3       50%         1
 Mercury Vapours          Alch/Air       0%         N/A       63%         2
 Vampiric Draining        Necr           0%         2d6       83%         3
 Volatile Blastmotes      Fire/Tloc      0%         2d10      83%         3
 Fulminant Prism          Conj/Alch      0%         3d5       99%         4
 Iskenderun's Mystic Bla  Conj/Tloc      0%         2d3       99%         4
 Martyr's Knell           Necr/Summ      0%         N/A       99%         4
 Olgreb's Toxic Radiance  Alch           0%         N/A       99%         4
 Alistair's Intoxication  Alch           0%         N/A       100%        5
 Borgnjor's Vile Clutch   Necr/Erth      0%         N/A       100%        5
 Curse of Agony           Necr           0%         N/A       100%        5
 Eringya's Noxious Bog    Alch           0%         4d6       100%        6


Dungeon Overview and Level Annotations

Branches:
Dungeon (12/15)            Temple (0/1) D:5            Lair (2/5) D:10
    Orc (0/2) D:9
  Swamp: Lair:2-3    Shoals: Lair:2-3     Snake: Lair:2-3    Spider: Lair:2-3

Altars:
Cheibriados
Dithmenos
Nemelex Xobeh
Okawaru
Qazlal
Wu Jian
Xom
Yredelemnul

Shops:
D:11 [

Annotations:
D:3 3 runed translucent doors, Thornebound's ghost, amateur VSFi
D:7 Maggie
D:11 exclusion: door
D:12 Snorg


Innate Abilities, Weirdness & Mutations

You are partially covered in large bone plates. (SH +4)
A demonic guardian rushes to your aid.
You regenerate magic rapidly.
Your touch may irresistibly damage your foes and sap their willpower.
You have a pair of small horns on your head.
Your body sometimes deteriorates upon taking damage.
Your flesh is heat resistant. (rF+)
Your magical capacity is low. (-10% MP)
You are strong-willed. (Will+)
You are occasionally teleported next to monsters.
Your spells are harder to cast, but more powerful.
Potions are less effective at restoring your health.
You occasionally lose the ability to drink potions when taking damage.


Message History

Snorg goes berserk!
Xom thinks this is hilarious!
You barely miss Snorg.
You touch Snorg.
You sap her willpower!
Snorg is lightly wounded.
You hit the white ugly thing.
The white ugly thing is poisoned.
Snorg bites you. Snorg claws you. Snorg barely misses you.
The white ugly thing stings you. The white ugly thing freezes you!!
Your body deteriorates!
You feel clumsy. Snorg bites you!!
* * * LOW HITPOINT WARNING * * *
Your body deteriorates!
You feel dopey.
A demonic guardian appears!
Snorg claws you!
* * * LOW HITPOINT WARNING * * *
You block Snorg's attack.
The white ugly thing closely misses you.
You are too injured to fight recklessly!
You are too injured to fight recklessly!
You are too injured to fight recklessly!
You are too injured to fight recklessly!
You are too injured to fight recklessly!
You are too injured to fight recklessly!
You are too injured to fight recklessly!
You are too injured to fight recklessly!
You are too injured to fight recklessly!
You are too injured to fight recklessly!
You are too injured to fight recklessly!
You are too injured to fight recklessly!
You are too injured to fight recklessly!
You are too injured to fight recklessly!
You are too injured to fight recklessly!
You are too injured to fight recklessly!
As you read the scroll of fear, it crumbles to dust.
You assume a fearsome visage.
Snorg is unaffected.
The white ugly thing looks frightened!
Snorg bites you.
* * * LOW HITPOINT WARNING * * *
Snorg completely misses you. Snorg claws you!
* * * LOW HITPOINT WARNING * * *
You swap places.
Snorg attacks as she pursues you! Snorg bites you!!
You die...
Xom thinks this is hilarious!

############# ##########
#............
#........####............
#....>...'.##..(...u.....
#........#..#............
#.....<..##.#....3.......
#........##.....@T.......
#...†....####............
######'### #............
#.# ############# #.#
##.# ##..# ####..##
.....##


You could see Snorg (berserk, very poisoned, weak-willed), a white ugly thing
(fleeing, very poisoned, ally target) and a friendly sun demon (summoned).

Vanquished Creatures
  A boulder beetle (D:12)
  Nergalle (D:11)
  Pikel (D:6)
  A rime drake (Lair:1)
  Psyche (D:8)
  A polar bear (Lair:2)
  A hornet (D:8)
  2 trolls
  2 shadows (D:11)
  A wyvern (D:8)
  6 yaks
  A vampire (D:9)
  2 steam dragons
  Menkaure (D:6)
  Edmund (D:6)
  An acid dragon (D:11)
  4 water moccasins
  4 orc warriors
  3 black bears
  An ogre (D:6)
  A lemure (D:6)
  4 centaurs
  3 phantoms
  A kobold brigand (D:9)
  4 bullfrogs
  2 gnoll sergeants
  A scorpion (D:6)
  5 killer bees (D:8)
  3 howler monkeys (D:10)
  A bombardier beetle (D:5)
  2 hounds
  A jelly (D:8)
  A cerulean imp (D:6)
  7 orc priests
  A sleepcap (D:8)
  Terence (D:3)
  7 iguanas
  7 orc wizards
  10 gnolls
  10 adders
  A white imp (D:5)
  2 ufetubi (D:6)
  2 dart slugs
  2 ribbon worms (D:5)
  34 orcs
  6 bats
  7 endoplasms
  4 giant cockroaches
  10 goblins
  6 hobgoblins
  7 jackals
  13 kobolds
  3 quokkas
  7 ball pythons
  4 frilled lizards
  8 rats
224 creatures vanquished.

Vanquished Creatures (collateral kills)
  3 death yaks (D:10)
  Urug (D:11)
  An unseen horror (D:10)
  A cane toad (Lair:2)
  A polar bear (Lair:2)
  A wraith (D:10)
  7 yaks (D:10)
  A water moccasin (Lair:2)
  An ogre (D:4)
  A wolf (D:10)
  2 kobold brigands (D:3)
  A howler monkey (D:8)
  A hound (D:6)
  An endoplasm (D:4)
23 creatures vanquished.

Grand Total: 247 creatures vanquished

Notes
Turn   | Place    | Note
-------+----------+-------------------------------------------
     0 | D:1      | spaghetti the Demonspawn Chaos Knight began the quest for
                  | the Orb.
     0 | D:1      | Reached XP level 1. HP: 18/18 MP: 1/1
    72 | D:1      | Reached skill level 1 in Stealth
   117 | D:1      | XOM: potion effect (heal wounds)
   124 | D:1      | Gained mutation: You are partially covered in large bone
                  | plates. (SH +4) [demonic ancestry]
   124 | D:1      | Reached XP level 2. HP: 24/24 MP: 2/2
   438 | D:1      | Reached XP level 3. HP: 29/29 MP: 3/3
  1090 | D:2      | XOM: 2-stop teleportation journey
  1294 | D:2      | Gained mutation: Your touch may inflict minor irresistible
                  | damage on your foes. [demonic ancestry]
  1294 | D:2      | Reached XP level 4. HP: 34/35 MP: 4/4
  1407 | D:3      | XOM: noise
  1528 | D:3      | Found a runed translucent gate.
  1528 | D:3      | Found a runed translucent gate.
  1528 | D:3      | Found a runed translucent gate.
  1570 | D:3      | Noticed Terence
  1586 | D:3      | Killed Terence
  1592 | D:3      | XOM: chaos upgrade
  1615 | D:3      | Gained mutation: A weak demonic guardian rushes to your
                  | aid. [demonic ancestry]
  1615 | D:3      | Reached XP level 5. HP: 40/41 MP: 5/5
  1704 | D:3      | XOM: 5-stop teleportation journey
  1865 | D:3      | Reached skill level 5 in Stealth
  2132 | D:3      | XOM: cast spell 'Summon Cactus Giant'
  2153 | D:3      | Gained mutation: Your touch may inflict irresistible damage
                  | on your foes. [demonic ancestry]
  2153 | D:3      | Reached XP level 6. HP: 28/47 MP: 6/6
  2167 | D:3      | XOM: polymorph cactus giant -> sleepcap
  2339 | D:3      | Found a faded altar of an unknown god.
  2474 | D:3      | Noticed Thornebound's ghost (amateur VSFi)
  2638 | D:4      | Found a sparkling altar of Nemelex Xobeh.
  2717 | D:4      | XOM: cast spell 'Alistair's Intoxication'
  3126 | D:4      | Gained mutation: You regenerate magic rapidly. [demonic
                  | ancestry]
  3126 | D:4      | Reached XP level 7. HP: 52/52 MP: 7/7
  3564 | D:5      | XOM: noise
  3564 | D:5      | Entered Level 5 of the Dungeon
  3806 | D:5      | XOM: potion effect (berserk rage)
  3900 | D:5      | Noticed a steam dragon
  3901 | D:5      | Gained mutation: Your muscles are strong. (Str +4, Int/Dex
                  | -1) [potion of mutation]
  3901 | D:5      | Gained mutation: You are occasionally teleported next to
                  | monsters. [potion of mutation]
  3901 | D:5      | Gained mutation: Potions are less effective at restoring
                  | your health. [potion of mutation]
  3901 | D:5      | Gained mutation: You have hidden genetic potential. [potion
                  | of mutation]
  3905 | D:5      | XOM: potion effect (might)
  3908 | D:5      | Killed a steam dragon
  3909 | D:5      | Reached XP level 8. HP: 47/58 MP: 8/8
  4088 | D:5      | XOM: god gift: 16 gold pieces
  4259 | D:5      | Reached skill level 10 in Stealth
  4370 | D:5      | Identified the +6 whip "spaghetti's Regret" {holy, *Slow
                  | rPois Will++}
  4400 | D:5      | XOM: divination: detect items
  4444 | D:5      | XOM: give mutations
  4444 | D:5      | Gained mutation: You occasionally lose the ability to drink
                  | potions when taking damage. [Xom's mischief]
  4444 | D:5      | Lost mutation: Your muscles are strong. (Str +4, Int/Dex
                  | -1) [Xom's mischief]
  4444 | D:5      | Gained mutation: Your magical capacity is low. (-10% MP)
                  | [Xom's mischief]
  4444 | D:5      | Gained mutation: Your spells are a little harder to cast,
                  | but a little more powerful. [Xom's mischief]
  4787 | D:5      | Found a staircase to the Ecumenical Temple.
  4810 | D:5      | XOM: scenery: summon butterflies
  4877 | D:6      | Noticed Pikel
  4883 | D:6      | XOM: confusion
  4889 | D:6      | XOM: summons 7 friendly demons
  4901 | D:6      | Killed Pikel
  4901 | D:6      | Noticed Edmund
  4912 | D:6      | Killed Edmund
  4912 | D:6      | Gained mutation: You are strong-willed. (Will+) [hidden
                  | potential]
  4917 | D:6      | XOM: enchant monster (bad)
  4935 | D:6      | Reached XP level 9. HP: 23/72 MP: 8/8
  5071 | D:6      | XOM: 1-stop teleportation journey
  5139 | D:6      | Noticed Sigmund
  5142 | D:6      | Sigmund changed into Sigmund the scorpion
  5142 | D:6      | Noticed Sigmund
  5142 | D:6      | XOM: polymorph Sigmund -> Sigmund the scorpion
  5145 | D:6      | Killed Sigmund the scorpion
  5184 | D:6      | XOM: god gift: 14 gold pieces
  5301 | D:6      | XOM: 1-stop teleportation journey
  5322 | D:6      | XOM: polymorph shadow imp -> cerulean imp
  5600 | D:6      | XOM: noise
  5649 | D:6      | Noticed Menkaure
  5655 | D:6      | Killed Menkaure
  5850 | D:6      | XOM: give mutations
  5850 | D:6      | Gained mutation: Your spells are harder to cast, but more
                  | powerful. [Xom's grace]
  5850 | D:6      | Gained mutation: You have a somewhat thin skeletal
                  | structure. (Dex +2, Stealth+) [Xom's grace]
  5850 | D:6      | Gained mutation: Your flesh is heat resistant. (rF+) [Xom's
                  | grace]
  5850 | D:6      | Gained mutation: You passively dampen the noise of your
                  | surroundings. [Xom's grace]
  5968 | D:7      | XOM: 1-stop teleportation journey
  6057 | D:7      | Noticed Maggie
  6062 | D:7      | Maggie changed into Maggie the jelly
  6062 | D:7      | Noticed Maggie
  6062 | D:7      | XOM: polymorph Maggie -> Maggie the jelly
  6073 | D:7      | Gained mutation: You have a pair of small horns on your
                  | head. [hidden potential]
  6073 | D:7      | Lost mutation: You have hidden genetic potential. [hidden
                  | potential expressed]
  6175 | D:8      | Noticed Psyche
  6187 | D:8      | Killed Psyche
  6375 | D:8      | Reached skill level 10 in Fighting
  6375 | D:8      | Reached skill level 1 in Dodging
  6480 | D:8      | XOM: smoke on damage
  6543 | D:8      | Found a shadowy altar of Dithmenos.
  6586 | D:8      | XOM: cast spell 'Iskenderun's Battlesphere'
  6992 | D:8      | XOM: silly message
  7065 | D:8      | Gained mutation: A demonic guardian rushes to your aid.
                  | [demonic ancestry]
  7065 | D:8      | Reached XP level 10. HP: 73/85 MP: 7/9
  7101 | D:8      | Found an iron altar of Okawaru.
  7112 | D:8      | Found a basalt altar of Yredelemnul.
  7116 | D:8      | Found a stormy altar of Qazlal.
  7491 | D:9      | Reached skill level 5 in Dodging
  7605 | D:9      | Found a staircase to the Orcish Mines.
  7610 | D:9      | XOM: cast spell 'Cause Fear'
  8113 | D:9      | Found a snail-covered altar of Cheibriados.
  8131 | D:9      | XOM: silly message
  8453 | D:9      | XOM: divination: magic mapping
  8651 | D:9      | Lost mutation: You have a somewhat thin skeletal structure.
                  | (Dex +2, Stealth+) [potion of mutation]
  8651 | D:9      | Lost mutation: You passively dampen the noise of your
                  | surroundings. [potion of mutation]
  8651 | D:9      | Gained mutation: Your body sometimes deteriorates upon
                  | taking damage. [potion of mutation]
  8699 | D:9      | XOM: cloud trail
  8725 | D:9      | XOM: 2-stop teleportation journey
  8729 | D:9      | Found an ornate altar of the Wu Jian Council.
  8781 | D:9      | XOM: god gift: wand of paralysis (7)
  8798 | D:9      | Reached skill level 1 in Evocations
  8857 | D:10     | Entered Level 10 of the Dungeon
  8876 | D:10     | XOM: fog
  9012 | D:9      | XOM: god gift: scroll of torment
  9082 | D:10     | Noticed a death yak
  9201 | D:10     | XOM: scenery: create altars
  9287 | D:9      | XOM: scenery: create altars
  9293 | D:10     | Noticed a death yak
  9293 | D:10     | Noticed a death yak
  9298 | D:10     | XOM: potion effect (might)
  9301 | D:10     | XOM: cast spell 'Disjunction'
  9323 | D:10     | XOM: polymorph yak -> wolf
  9330 | D:10     | XOM: summons friendly quasit
  9332 | D:10     | Found a staircase to the Lair.
  9341 | Lair:1   | Entered Level 1 of the Lair of Beasts
  9494 | Lair:1   | Noticed a death yak
  9494 | Lair:1   | Noticed a death yak
  9494 | Lair:1   | Noticed a death yak
  9494 | Lair:1   | Noticed a death yak
  9494 | Lair:1   | Noticed a death yak
  9496 | Lair:1   | a death yak changed into a water nymph
  9496 | Lair:1   | Noticed a water nymph
  9496 | Lair:1   | XOM: polymorph death yak -> water nymph
  9507 | Lair:1   | a steam dragon changed into a glowing shapeshifter
  9507 | Lair:1   | Noticed a glowing shapeshifter (glowing shapeshifter)
  9507 | Lair:1   | XOM: polymorph steam dragon -> glowing shapeshifter
  9508 | Lair:1   | XOM: divination: detect items
  9508 | Lair:1   | a glowing shapeshifter changed into an ogre
  9695 | Lair:1   | Noticed a torpor snail
  9720 | Lair:2   | XOM: noise
  9731 | Lair:2   | XOM: silly message
  9732 | Lair:2   | Noticed a cane toad
  9740 | Lair:2   | Killed a cane toad
  9741 | Lair:2   | Gained mutation: Your touch may irresistibly damage your
                  | foes and sap their willpower. [demonic ancestry]
  9741 | Lair:2   | Reached XP level 11. HP: 29/90 MP: 4/9
  9978 | Lair:1   | XOM: silly message
  9994 | D:10     | Reached skill level 5 in Evocations
  9999 | D:10     | Killed a death yak
 10015 | D:10     | Killed a death yak
 10019 | D:10     | Killed a death yak
 10056 | D:10     | XOM: 8-stop teleportation journey
 10171 | D:10     | XOM: polymorph orange demon -> sixfirhy
 10287 | D:10     | XOM: scenery: create altars
 10723 | D:11     | XOM: stealth player
 10806 | D:11     | Found Ropsoij's Armour Boutique.
 10911 | D:11     | Noticed Nergalle
 10923 | D:11     | XOM: 1-stop teleportation journey
 10929 | D:11     | XOM: silly message
 10948 | D:11     | Killed Nergalle
 11191 | D:11     | XOM: god gift: Young Poisoner's Handbook
 11403 | D:11     | Noticed Urug
 11412 | D:11     | Killed Urug
 11904 | D:12     | Noticed a boulder beetle
 11911 | D:12     | Killed a boulder beetle
 11980 | D:12     | Noticed Snorg
 11983 | D:12     | Noticed a white ugly thing
 11989 | D:12     | Demolished by Snorg

Illustrated notes

Levels and vault maps discovered:
D:1:      dpeg_arrival_arbitrary_b, layout_basic
D:2:      layout_basic
D:3:      cheibrodos_thug_alley, layout_loops_corners,
          dilly_ecumenical_altar_fadedgnrine, gammafunk_ghost_icy, uniq_terence
D:4:      layout_cave_pools, mainiacjoe_overflow_paths
D:5:      layout_basic, temple_hall, gup_sewer_entry_glass,
          minmay_increasing_density
D:6:      layout_loops_ring, uniq_edmund, uniq_pikel, uniq_menkaure,
          uniq_sigmund
D:7:      layout_cave_pools, uniq_maggie
D:8:      layout_loops_ring, mainiacjoe_overflow_24_doors,
          minmay_overflow_temple_star_quad, minivault_11,
          amcnicky_mini_rare_corridor_liquid, minmay_misc_feat_tiny,
          minivault_22, uniq_psyche
D:9:      layout_rooms, mainiacjoe_overflow_catwalk_spiral, orc_david_3
D:10:     layout_cross, dpeg_lair_monsters
D:11:     layout_roguey, serial_shops, nicolae_shop_back_alley_shop, uniq_urug,
          uniq_nergalle
D:12:     layout_roguey, minmay_misc_feat_nine_boxes, minmay_puff, uniq_erolcha,
          uniq_snorg
Lair:1:   layout_small_grid, lemuel_fruit_tree
Lair:2:   layout_chaotic_city, nicolae_snake_entry_warm_welcome,
          infiniplex_staircase_pool_2, serial_bayou_shore_b

Skill      XL: |  1  2  3  4  5  6  7  8  9 10 11 |
---------------+----------------------------------+-----
Stealth        | 2 3 4 6 7 9 10 | 10.0
Fighting       | 7 10 | 10.0
Dodging        | 4 8 9 |  9.9
Evocations     | 4 7 |  7.8
Polearms       | |  2.6
Armour         | |  1.7

Action                     |  1- 3 |  4- 6 |  7- 9 | 10-12 || total
---------------------------+-------+-------+-------+-------++-------
  Melee: Spear             |   141 |    93 |    53 |       ||   287
         Touch             |       |    13 |    43 |    59 ||   115
         Punch             |       |       |     3 |     9 ||    12
         Hand axe          |       |       |   221 |   228 ||   449
         Headbutt          |       |       |     7 |    53 ||    60
  Throw: Throwing net      |       |       |     1 |       ||     1
  Evoke: Wand              |       |       |       |     1 ||     1
    Use: Scroll            |     3 |     6 |     8 |    13 ||    30
         Potion            |     1 |     2 |     9 |     5 ||    17
   Stab: Petrifying        |     1 |       |       |       ||     1
         Sleeping          |     8 |     8 |    18 |     9 ||    43
         Confused          |     1 |       |       |       ||     1
         Distracted        |       |       |     2 |       ||     2
         Paralysed         |       |       |       |     1 ||     1
 Armour: Leather armour    |    40 |    28 |   196 |   228 ||   492
  Dodge: Dodged            |    41 |    25 |   163 |   199 ||   428
  Block: Other             |    11 |    10 |    52 |    39 ||   112
